 Dungeon Crawl Stone Soup version 0.30.1-9-gdf580d7c3d (webtiles) character file.

Game seed: 421881013961836244

1127 monsoonserge the Slasher (level 8, -3/91 HPs)
             Began as a Merfolk Gladiator on Oct 3, 2023.
             Was a Follower of Okawaru.
             Slain by a killer bee (5 damage)
             ... on level 8 of the Dungeon.
             The game lasted 00:18:59 (4944 turns).

monsoonserge the Slasher (Merfolk Gladiator)        Turns: 4944, Time: 00:19:00

Health: -3/91      AC: 24    Str: 13    XL:     8   Next: 35%
Magic:  9/9        EV:  2    Int: 11    God:    Okawaru [*.....]
Gold:   376        SH: 11    Dex: 17    Spells: 7/7 levels left

rFire   . . .        a - +0 long sword
rCold   + . .        B - +0 kite shield
rNeg    + . .        b - melded +0 leather armour
rPois   +            c - melded +0 helmet
rElec   .            (cloak currently unavailable)
rCorr   .            (gloves currently unavailable)
SInv    +            n - melded +0 pair of boots
Will    .....        t - amulet of magic regeneration
Stlth   ++++         j - ring of protection from cold
HPRegen 0.35/turn    w - ring of positive energy
MPRegen 0.51/turn

%: no passive effects
@: tree-form, heroic
A: stationary, stasis, torment immunity, boosted hp, (nimble swimmer 2),
(mertail), see invisible, clever 1
a: Renounce Religion, Heroism


You were on level 8 of the Dungeon.
You worshipped Okawaru.
Okawaru was aware of your devotion.
You were a tree.
You visited 2 branches of the dungeon, and saw 7 of its levels.

You collected 376 gold pieces.

Inventory:

Hand Weapons
 a - a +0 long sword (weapon)
 o - a +0 rapier
 x - a +0 sling
Missiles
 d - 4 throwing nets
 e - a javelin
 y - 12 poisoned darts (quivered)
Armour
 b - a +0 leather armour (melded)
 c - a +0 helmet (melded)
 n - a +0 pair of boots (melded)
 u - a +0 chain mail
 B - a +0 kite shield (worn)
 G - a +0 ring mail
Magical Staves
 m - a staff of air
 z - a staff of death
Jewellery
 j - a ring of protection from cold (left branch)
 s - a ring of protection from cold
 t - an amulet of magic regeneration (around neck)
 w - a ring of positive energy (right branch)
 E - a ring of see invisible
Wands
 F - a wand of mindburst (13)
Scrolls
 f - 7 scrolls of teleportation {unknown}
 h - a scroll of blinking {unknown}
 i - a scroll of noise {unknown}
 k - 2 scrolls of fear {unknown}
 p - a scroll of enchant weapon {unknown}
 r - 2 scrolls of vulnerability {unknown}
 A - a scroll of silence {unknown}
 C - a scroll of acquirement {unknown}
Potions
 g - 3 potions of attraction
 l - a potion of magic
 q - a potion of flight


   Skills:
 + Level 4.6(9.6) Fighting
 + Level 7.8(12.8) Long Blades
 + Level 2.3(7.3) Throwing
 + Level 2.2(7.2) Armour
 + Level 6.4(11.4) Dodging
 + Level 2.6(7.6) Stealth
 + Level 2.0(7.0) Shields
 * Level 2.2 Invocations


You had 7 spell levels left.
You didn't know any spells.
Your spell library contained the following spells:

 Spells                   Type           Power      Damage    Failure   Level
 Sandblast                Erth           0%         2d4       71%         1
 Sting                    Tmut/Pois      0%         1d3       71%         1
 Passwall                 Tmut/Erth      0%         N/A       83%         2
 Poisonous Vapours        Pois/Air       0%         N/A       83%         2
 Stone Arrow              Conj/Erth      0%         3d7       97%         3
 Olgreb's Toxic Radiance  Pois           0%         N/A       100%        4
 Blade Hands              Tmut           0%         N/A       100%        5
 Irradiate                Conj/Tmut      0%         3d11      100%        5
 Dragon Form              Tmut           0%         N/A       100%        7


Dungeon Overview and Level Annotations

Branches:
Dungeon (5/15)             Temple (1/1) D:5

Altars:
Ashenzari
Cheibriados
Dithmenos
Elyvilon
Fedhas
Hepliaklqana
Makhleb
Okawaru
Qazlal
Ru
Sif Muna
Vehumet
Xom
Yredelemnul
Zin
The Shining One

Shops:
D:3 (


Innate Abilities, Weirdness & Mutations

You are a tree.
Your roots penetrate the ground, keeping you stationary.
You cannot be teleported.
You are immune to unholy pain and torment.
Your maximum health is greatly increased.
Your equipment is partially melded.
((You are very nimble when in or above water. (Stealth+, EV+, Speed+++)))
((Your lower body shifts to a powerful aquatic tail in water.))
You have supernaturally acute eyesight. (SInv)
Your mind is acute. (Int +4, Str/Dex -1)


Message History

Your +0 pair of boots melds into your body.
Your +0 leather armour melds into your body.
Your roots penetrate the ground.
You feel very sick. You block the killer bee's attack.
The killer bee barely misses you.
You slash the killer bee!
You kill the killer bee!
Okawaru accepts your kill.
You feel sick.
Your base Shields skill increases to level 2!
You hit the killer bee but do no damage.
You feel sick.
The killer bee stings you but does no damage.
You block the killer bee's attack.
You miss the killer bee.
You feel sick.
The killer bee stings you but does no damage.
You block the killer bee's attack.
You barely miss the killer bee.
You feel sick.
The killer bee stings you but does no damage.
You block the killer bee's attack.
You hit the killer bee.
The killer bee is heavily wounded.
You feel sick. You block the killer bee's attack.
You closely miss the killer bee.
The killer bee is heavily wounded.
You feel sick. The killer bee stings you.
* * * LOW HITPOINT WARNING * * *
You block the killer bee's attack.
You hit the killer bee.
The killer bee is heavily wounded.
You feel sick.
The killer bee stings you but does no damage.
You block the killer bee's attack.
You miss the killer bee.
The killer bee is heavily wounded.
You feel sick.
You are no longer poisoned.
The killer bee stings you but does no damage.
The killer bee stings you.
You die...

####### .......
..!....
###.......
#y..<.....
#y#.......
####♣#.......
#....####..#=
#.#### .#
#####.# ..
#########.....#
.
..........#####
#######...# #
####...#
####....#......


You could see 2 killer bees.

Vanquished Creatures
  An orc warrior (D:8)
  A phantom (D:5)
  A kobold brigand (D:8)
  2 scorpions
  5 killer bees
  2 howler monkeys
  A gnoll bouda (D:5)
  A hound (D:4)
  3 orc priests (D:8)
  A sleepcap (D:4)
  An orc wizard (D:8)
  14 gnolls
  7 adders
  A white imp (D:5)
  2 dart slugs
  7 orcs
  8 bats
  6 endoplasms
  A giant cockroach (D:4)
  5 goblins
  7 hobgoblins
  4 jackals (D:1)
  2 quokkas
  5 ball pythons
  3 frilled lizards (D:1)
  13 kobolds
  2 rats (D:1)
106 creatures vanquished.

Notes
Turn   | Place    | Note
-------+----------+-------------------------------------------
     0 | D:1      | monsoonserge the Merfolk Gladiator began the quest for the
                  | Orb.
     0 | D:1      | Reached XP level 1. HP: 16/16 MP: 1/1
    91 | D:1      | Reached skill level 4 in Long Blades
    91 | D:1      | Reached XP level 2. HP: 10/23 MP: 2/2
   238 | D:1      | Reached XP level 3. HP: 28/28 MP: 3/3
   955 | D:2      | Reached XP level 4. HP: 30/34 MP: 4/4
  1588 | D:3      | Reached skill level 5 in Long Blades
  1642 | D:3      | Noticed a scorpion
  1855 | D:3      | Reached XP level 5. HP: 23/41 MP: 5/5
  2203 | D:3      | Reached skill level 5 in Dodging
  2204 | D:3      | Found Amiohose's Weapon Emporium.
  2448 | D:3      | Found a shimmering altar of Xom.
  2449 | D:3      | Found a basalt altar of Yredelemnul.
  2756 | D:4      | Reached skill level 1 in Armour
  2756 | D:4      | Reached skill level 1 in Stealth
  2791 | D:4      | Reached XP level 6. HP: 40/47 MP: 6/6
  2899 | D:4      | Reached skill level 6 in Long Blades
  3009 | D:4      | Found a radiant altar of Vehumet.
  3217 | D:5      | Entered Level 5 of the Dungeon
  3222 | D:5      | Found a stormy altar of Qazlal.
  3395 | D:5      | Found a staircase to the Ecumenical Temple.
  3406 | Temple   | Entered the Ecumenical Temple
  3591 | Temple   | Became a worshipper of Warmaster Okawaru
  3641 | D:5      | Reached XP level 7. HP: 29/53 MP: 7/7
  4022 | D:4      | Reached * piety under Okawaru
  4023 | D:4      | Reached skill level 7 in Long Blades
  4023 | D:4      | Reached skill level 1 in Shields
  4391 | D:5      | You fall into a shaft and drop 3 floors!
  4596 | D:8      | Reached skill level 1 in Invocations
  4601 | D:8      | Reached XP level 8. HP: 51/61 MP: 8/8
  4922 | D:8      | Gained mutation: You are vulnerable to cold. (rC-) [potion
                  | of mutation]
  4923 | D:8      | Lost mutation: You are vulnerable to cold. (rC-) [potion of
                  | mutation]
  4923 | D:8      | Gained mutation: You have supernaturally acute eyesight.
                  | (SInv) [potion of mutation]
  4923 | D:8      | Gained mutation: Your mind is acute. (Int +4, Str/Dex -1)
                  | [potion of mutation]
  4942 | D:8      | HP: 3/91 [killer bee (2)]
  4944 | D:8      | Slain by a killer bee

Illustrated notes

Levels and vault maps discovered:
D:1:      sevenhm_arrival_forest_fort_small_4, layout_basic, st_stairs_14,
          nicolae_grassy_gnolls
D:2:      layout_rooms, roderic_serpentine_path
D:3:      layout_basic, mainiacjoe_overflow_divided_tiny, serial_shops,
          nicolae_shop_window_shopping
D:4:      layout_basic, mainiacjoe_overflow_surrounded_room
D:5:      layout_layer_cave, mainiacjoe_overflow_paths,
          minmay_temple_entry_overgrown, minmay_manual_monolith
D:8:      layout_basic
Temple:   hellmonk_temple_forest_ring

Skill      XL: |  1  2  3  4  5  6  7  8 |
---------------+-------------------------+-----
Long Blades    | 4 5 6 7 |  7.8
Fighting       | 3 4 |  4.6
Dodging        | 5 6 |  6.4
Armour         | 1 2 |  2.2
Stealth        | 1 2 |  2.6
Shields        | 1 2 |  2.0
Invocations    | 1 2 |  2.2
Throwing       | |  2.3

Action                     |  1- 3 |  4- 6 |  7- 9 || total
---------------------------+-------+-------+-------++-------
  Melee: Long sword        |    97 |   171 |   143 ||   411
         Punch             |     2 |     1 |       ||     3
  Throw: Dart              |       |     4 |     3 ||     7
 Invoke: Heroism           |       |       |     3 ||     3
    Use: Scroll            |     3 |     1 |       ||     4
         Potion            |       |       |     4 ||     4
   Stab: Sleeping          |       |     1 |     1 ||     2
 Armour: Leather armour    |    26 |    51 |    21 ||    98
         Skin              |       |       |     5 ||     5
  Dodge: Dodged            |   100 |   113 |    74 ||   287
  Block: Kite shield       |       |    32 |    86 ||   118
